 Dungeon Crawl Stone Soup version 0.20.0-10-g0535bb4 (webtiles) character file.

88 McKennaii the Shield-Bearer (level 4, 28/35 HPs)
             Began as a Demonspawn Fighter on June 6, 2017.
             Quit the game on level 2 of the Dungeon.
             The game lasted 00:03:36 (1431 turns).

McKennaii the Shield-Bearer (Demonspawn Fighter)    Turns: 1431, Time: 00:03:37

Health: 28/35      AC: 12    Str: 17    XL:     4   Next: 30%
Magic:  4/4        EV:  4    Int:  9    God:
Gold:   19         SH:  9    Dex: 13    Spells: 3/3 levels left

rFire    + . .     SeeInvis .   a - +0 long sword
rCold    + . .     Gourm    +   c - +0 shield
rNeg     . . .     Faith    .   l - +0 plate armour
rPois    .         Spirit   .   p - +0 helmet
rElec    .         Reflect  .   k - scarf {rC+ rF+}
rCorr    .         Harm     .   (no gloves)
MR       .....                  (no boots)
Stlth    ..........             i - amulet of the gourmand
Regen    0.2/turn               (no ring)
MPRegen  0.1/turn               (no ring)

@: no status effects
A: claws 1, repulsion field 1
a: no special abilities


You were on level 2 of the Dungeon.
You were not hungry.

You visited 1 branch of the dungeon, and saw 2 of its levels.

You collected 19 gold pieces.

Inventory:

Hand Weapons
 a - a +0 long sword (weapon)
Armour
 c - a +0 shield (worn)
 k - a scarf of resistance (worn)
 l - a +0 plate armour (worn)
 p - a +0 helmet (worn)
Jewellery
 i - an amulet of the gourmand (around neck)
Wands
 o - a wand of polymorph (5/24)
Scrolls
 h - a scroll of identify {unknown}
 j - 2 scrolls of fear {unknown}
 m - a scroll of recharging {unknown}
Potions
 d - a potion of might
 e - a potion of degeneration {unknown}
Comestibles
 b - a meat ration
 f - a bread ration
 g - 2 fruits
 n - 2 chunks of flesh


   Skills:
 + Level 3.5 Fighting
 + Level 2.4 Long Blades
 + Level 3.1 Armour
 + Level 0.1 Dodging
 + Level 3.6 Shields


You had 3 spell levels left.
You didn't know any spells.

Dungeon Overview and Level Annotations

Branches:
Dungeon (2/15)

Altars:

Annotations:
D:2 1 runed door


Innate Abilities, Weirdness & Mutations

You have sharp fingernails.
You are surrounded by a mild repulsion field. (EV +2)


Message History

You block Terence's attack.
You hit Terence.
Terence is heavily wounded.
Terence hits you but does no damage.
You hit Terence but do no damage.
Terence is heavily wounded.
Terence says, "Time to say good-bye..."
Terence hits you but does no damage.
You hit Terence.
Terence is severely wounded.
You block Terence's attack.
You hit Terence.
Terence is almost dead.
You block Terence's attack.
You hit Terence.
You kill Terence!
You have reached level 4!
You feel stronger.
Your demonic ancestry asserts itself...
You begin to radiate repulsive energy.
Are you sure you want to abandon this character and quit the game? (Confirm with "yes".)

#...# #.#.. #.#.#
....
#.#####.#.########.
#[...)..)))........
#.....<...########.
#.#####.#.## #
#$...#### #........
#@...#### #)#..#
#.#..# #.#..#
#.#..# ... $# ###


There were no monsters in sight!

Vanquished Creatures
  Terence (D:2)
  Robin (D:2)
  2 gnolls (D:1)
  3 bats (D:1)
  13 goblins
  5 hobgoblins
  A frilled lizard (D:1)
  4 kobolds (D:1)
  A rat (D:2)
31 creatures vanquished.

Notes
Turn   | Place    | Note
-------+----------+-------------------------------------------
     0 | D:1      | McKennaii the Demonspawn Fighter began the quest for the Orb.
     0 | D:1      | Reached XP level 1. HP: 18/18 MP: 1/1
   208 | D:1      | Gained mutation: You have sharp fingernails. [demonic ancestry]
   208 | D:1      | Reached XP level 2. HP: 17/24 MP: 2/2
   724 | D:1      | Reached XP level 3. HP: 12/29 MP: 3/3
  1136 | D:2      | Found a runed door.
  1172 | D:2      | Noticed Robin
  1393 | D:2      | Killed Robin
  1406 | D:2      | Noticed Terence
  1430 | D:2      | Killed Terence
  1430 | D:2      | Gained mutation: You are surrounded by a mild repulsion field. (EV +2) [demonic ancestry]
  1430 | D:2      | Reached XP level 4. HP: 28/35 MP: 4/4
  1431 | D:2      | Quit the game

Skill      XL: |  1  2  3 |
---------------+----------+-----
Long Blades    | 2 |  2.4
Shields        | 3 |  3.6
Armour         | 3 |  3.1
Fighting       | |  3.5
Dodging        | |  0.1

Action                   |  1- 3 |  4- 6 || total
-------------------------+-------+-------++-------
Melee: Long sword        |   107 |       ||   107
       Unarmed           |    14 |       ||    14
  Eat: Chunk             |     4 |       ||     4
Armor: Scale mail        |    24 |       ||    24
       Plate armour      |    42 |       ||    42
       Skin              |     4 |       ||     4
Dodge: Dodged            |    33 |       ||    33
Block: Shield            |    84 |       ||    84
       Rpst.: Long sword |     7 |       ||     7
